 Dungeon Crawl Stone Soup version 0.28-a0-1387-g3a22ab9bdc (webtiles) character file.

Game seed: 13622383476683161134

84 tilp the Chiller (level 4, 18/18 HPs)
             Began as a Felid Ice Elementalist on Jan 2, 2022.
             Quit the game on level 4 of the Dungeon.
             The game lasted 00:05:13 (4222 turns).

tilp the Chiller (Felid Ice Elementalist)           Turns: 4222, Time: 00:05:14

Health: 18/18      AC:  1    Str:  4    XL:     4   Next: 23%
Magic:  9/9        EV: 18    Int: 19    God:
Gold:   53         SH:  0    Dex: 22    Spells: 2/9 levels left
                                        Lives:  0   Deaths: 1

rFire   . . .      SeeInvis +     - Unarmed
rCold   . . .      Faith    .   (shield unavailable)
rNeg    . . .      Spirit   .   (armour unavailable)
rPois   .          Reflect  .   (helmet unavailable)
rElec   .          Harm     .   (cloak unavailable)
rCorr   .          Rampage  .   (gloves unavailable)
Will    .....                   (boots unavailable)
Stlth   +++.......              (no amulet)
HPRegen 0.06/turn               c - +6 ring of dexterity
MPRegen 0.11/turn               (no ring)

@: quick
A: very small, claws 1, fangs 3, see invisible, speed 1, shaggy fur 1, stealthy
paws, no weapons or thrown items, no armour, multi-lived
a: no special abilities


You were on level 4 of the Dungeon.
You visited 1 branch of the dungeon, and saw 4 of its levels.

You collected 113 gold pieces.
You spent 60 gold pieces at shops.

Inventory:

Jewellery
 c - a +6 ring of dexterity (left paw)
Wands
 e - a wand of flame (45)
 f - a wand of mindburst (12)
Potions
 a - a potion of mutation {unknown}
 b - 2 potions of heal wounds
 d - a potion of curing
 g - a potion of invisibility {unknown}


   Skills:
 - Level 2.6 Dodging
 - Level 2.6 Stealth
 - Level 2.0 Unarmed Combat
 - Level 3.0 Spellcasting
 * Level 5.1 Ice Magic


You had 2 spell levels left.
You knew the following spells:

 Your Spells              Type           Power      Damage    Failure   Level
a - Freeze                Ice            88%        1d10      1%          1
b - Frozen Ramparts       Ice            44%        1d6       5%          3
c - Ozocubu's Armour      Ice            22%        N/A       5%          3

Your spell library contained the following spells:

 Spells                   Type           Power      Damage    Failure   Level
 Hailstorm                Conj/Ice       12%        3d5       47%         4


Dungeon Overview and Level Annotations

Branches:
Dungeon (4/15)
 Temple: D:4-7

Altars:

Shops:
D:3 (((!


Innate Abilities, Weirdness & Mutations

You have sharp claws.
You have razor-sharp teeth.
You have supernaturally acute eyesight. (SInv)
You cover ground quickly. (Speed+)
You are covered in fur. (AC +1)
Your paws help you pounce on unaware monsters.
You are incapable of wielding weapons or throwing items.
You cannot wear armour.
You gain extra lives every three experience levels.


Message History

Press: ? - help, Shift-Dir - straight line, f/p - black bear
Aim: a black bear (severely wounded)
You freeze the black bear.
The black bear is severely wounded.
The frozen ramparts melt away.
The black bear goes berserk!
Unknown command.
Casting: Freeze (safe; 1% risk of failure)
Confirm with . or Enter, or press ? or * to list all spells.
Aiming: Freeze (safe; 1% risk of failure)
Press: ? - help, Shift-Dir - straight line, f/p - black bear
Aim: a black bear (severely wounded, berserk)
You freeze the black bear.
The black bear is severely wounded.
The black bear bites you but does no damage.
The black bear claws you but does no damage.
The black bear barely misses you. The black bear misses you.
The black bear claws you but does no damage.
The black bear closely misses you.
You scratch the black bear.
The black bear is almost dead.
The adder is no longer moving slowly.
The black bear completely misses you. The black bear closely misses you.
The black bear claws you.
Unknown command.
You barely miss the black bear.
The black bear is almost dead.
The black bear bites you!
* * * LOW HITPOINT WARNING * * *
The black bear claws you but does no damage.
The black bear claws you.
* * * LOW HITPOINT WARNING * * *
Your icy armour will break if you move.
Continue?
Your icy armour cracks and falls away as you move.
The black bear bites you!
You die...
The black bear claws you. The black bear misses you.
You are now level 4!
You rejoin the land of the living...
Unknown command.
Unknown command.
Are you sure you want to abandon this character and quit the game? (Confirm with "yes".)

. .. ..
######.###
#.........
#.........
#.@.....#
#..........
#........##
#......#...
######.# ##
.# #


There were no monsters in sight!

Vanquished Creatures
  A centaur skeleton (D:3)
  3 adders
  3 worms (D:2)
  2 dart slugs
  10 orcs
  6 ball pythons
  4 endoplasms
  A giant cockroach (D:2)
  7 goblins
  10 hobgoblins
  6 jackals (D:2)
  6 quokkas
  6 bats
  3 frilled lizards
  7 kobolds
  7 rats
82 creatures vanquished.

Notes
Turn   | Place    | Note
-------+----------+-------------------------------------------
     0 | D:1      | tilp the Felid Ice Elementalist began the quest for the
                  | Orb.
     0 | D:1      | Reached XP level 1. HP: 7/7 MP: 4/4
   183 | D:1      | Reached skill level 1 in Unarmed Combat
   503 | D:1      | Reached XP level 2. HP: 11/11 MP: 6/6
  1377 | D:1      | Reached XP level 3. HP: 14/14 MP: 7/7
  1381 | D:1      | Learned a level 3 spell: Frozen Ramparts
  1612 | D:2      | Reached skill level 4 in Ice Magic
  1697 | D:2      | Found a faded altar of an unknown god.
  2514 | D:2      | Reached XP level 4. HP: 18/18 MP: 8/8
  2928 | D:3      | Found Eraseff's Distillery.
  2974 | D:3      | Bought a potion of heal wounds for 60 gold pieces
  3005 | D:3      | Learned a level 3 spell: Ozocubu's Armour
  3064 | D:3      | Found Kewnitae's Antique Weapon Boutique.
  3435 | D:3      | Found Muismeom's Weapon Emporium.
  3676 | D:3      | Reached XP level 5. HP: 21/21 MP: 4/10
  3879 | D:3      | Found Teym Peqo's Weapon Shop.
  4045 | D:4      | Reached skill level 5 in Ice Magic
  4206 | D:4      | Noticed a black bear
  4221 | D:4      | Slain by a black bear
  4222 | D:4      | Reached XP level 4. HP: -5/18 MP: 0/9
  4222 | D:4      | Quit the game

Illustrated notes

Levels and vault maps discovered:
D:1:      mushboom_english_gardens, layout_basic
D:2:      layout_loops_ring, nicolae_ecumenical_lake_church, grunt_decor_cap
D:3:      layout_loops_ring, serial_shops, shop, shop, shop,
          nicolae_lakefront_shop, columned_hall_lemuel
D:4:      layout_basic, temple_doors_cd, chequers_serial_rivers_room_a,
          minmay_misc_feat_enclosed, uniq_duvessa

Skill      XL: |  1  2  3  4  5 |
---------------+----------------+-----
Unarmed Combat | 1 2 |  2.0
Ice Magic      | 4 5 |  5.1
Spellcasting   | 3 |  3.0
Dodging        | |  2.6
Stealth        | |  2.6

Action                   |  1- 3 |  4- 6 || total
-------------------------+-------+-------++-------
Melee: Unarmed           |    27 |    27 ||    54
       Bite              |     2 |     3 ||     5
 Cast: Freeze            |    49 |    18 ||    67
       Frozen Ramparts   |     4 |     8 ||    12
       Ozocubu's Armour  |       |     6 ||     6
  Use: Scroll            |     3 |     2 ||     5
 Stab: Sleeping          |    10 |     3 ||    13
Armor: Skin              |     1 |    19 ||    20
Dodge: Dodged            |    38 |    33 ||    71

Table legend: (Time is in decaauts)
 A = Elapsed time spent in this place.
 B = Non-inter-level travel time spent in this place.
 C = Inter-level travel time spent in this place.
 D = Time resting spent in this place.
 E = Time spent auto-exploring this place.
 F = Levels seen in this place.
 G = Mean time per level.
                   A        B        C        D        E       F      G
               +--------+--------+--------+--------+--------+-----+--------+
         Total |   3855 |   3812 |     43 |    602 |   2716 |   4 |  963.8 |
       Dungeon |   3855 |   3812 |     43 |    602 |   2716 |   4 |  963.8 |
               +--------+--------+--------+--------+--------+-----+--------+

Top non-repeatable levels by time:
     D:1: 1374 daAuts
     D:2: 1306 daAuts
     D:3: 999 daAuts
     D:4: 175 daAuts
